 Dungeon Crawl Stone Soup version 0.30-a0-360-g447f08457e (webtiles) character file.

Game seed: 17247211769539000722

528 rsnlfwe the Trooper (level 7, 0/61 HPs)
             Began as a Minotaur Fighter on Nov 13, 2022.
             Slain by a killer bee (6 damage)
             ... on level 5 of the Dungeon.
             The game lasted 00:05:54 (3428 turns).

rsnlfwe the Trooper (Minotaur Fighter)              Turns: 3428, Time: 00:05:55

Health: 0/61       AC:  9    Str: 22    XL:     7   Next: 3%
Magic:  6/6        EV: 11    Int:  5    God:
Gold:   137        SH:  5    Dex: 16    Spells: 6/6 levels left

rFire   . . .      SeeInvis .    a - +3 war axe
rCold   . . .      Faith    .    c - +0 buckler
rNeg    . . .      Spirit   .    b - +0 scale mail
rPois   .          Reflect  .    (helmet restricted)
rElec   .          Harm     .    (no cloak)
rCorr   .          Rampage  .    k - +1 pair of gloves
Will    .....                    (no boots)
Stlth   ..........               (no amulet)
HPRegen 0.30/turn                s - +6 ring of dexterity
MPRegen 0.10/turn                (no ring)

@: mighty, lethally poisoned (0 -> -5)
A: horns 2, retaliatory headbutt
a: no special abilities


You were on level 5 of the Dungeon.
You visited 1 branch of the dungeon, and saw 5 of its levels.
You also visited: Sewer.

You collected 137 gold pieces.

Inventory:

Hand Weapons
 a - a +3 war axe (weapon)
Missiles
 x - a throwing net (quivered)
Armour
 b - a +0 scale mail (worn)
 c - a +0 buckler (worn)
 k - a +1 pair of gloves (worn)
Jewellery
 s - a +6 ring of dexterity (left hand)
Wands
 v - a wand of flame (27)
 w - a wand of mindburst (16)
Scrolls
 n - 2 scrolls of teleportation
 t - a scroll of amnesia
 u - a scroll of magic mapping
Potions
 e - a potion of heal wounds
 f - 3 potions of brilliance
 g - a potion of degeneration {unknown}
 h - a potion of flight {unknown}
 i - 2 potions of haste
 j - a potion of berserk rage {unknown}
 l - a potion of invisibility {unknown}
 m - 3 potions of attraction
 o - a potion of curing
 p - a potion of magic {unknown}
 q - a potion of mutation {unknown}
 r - a potion of lignification {unknown}


   Skills:
 + Level 5.4 Fighting
 + Level 4.6 Axes
 + Level 5.3 Armour
 + Level 3.3 Dodging
 + Level 5.2 Shields


You had 6 spell levels left.
You didn't know any spells.
Your spell library contained the following spells:

 Spells                   Type           Power      Damage    Failure   Level
 Beastly Appendage        Tmut           0%         N/A       86%         1
 Kiss of Death            Conj/Necr      0%         2d5       86%         1
 Wereblood                Tmut           0%         N/A       95%         2
 Ignite Poison            Fire/Tmut/Pois 0%         N/A       99%         3
 Mephitic Cloud           Conj/Pois/Air  0%         N/A       99%         3
 Spider Form              Tmut/Pois      0%         N/A       99%         3
 Dispel Undead            Necr           0%         3d6       100%        4


Dungeon Overview and Level Annotations

Branches:
Dungeon (5/15)              Sewer (visited)
 Temple: D:4-7

Altars:

Annotations:
D:5 2 transporters, crabbyslav's ghost, amateur OpWn


Innate Abilities, Weirdness & Mutations

You have a pair of horns on your head.
You reflexively headbutt those who attack you in melee.


Message History

Unknown command.
Unknown command.
You are too injured to fight recklessly!
Unknown command.
You are too injured to fight recklessly!
Unknown command.
You are too injured to fight recklessly!
Unknown command.
You slice the killer bee!!
You kill the killer bee!
You hit the killer bee.
You feel sick. The killer bee closely misses you.
The killer bee barely misses you. The killer bee closely misses you.
You furiously retaliate!
You headbutt the killer bee!!
You kill the killer bee!
You block the killer bee's attack. The killer bee barely misses you.
You furiously retaliate!
You headbutt the killer bee!
You have reached level 7!
You barely miss the killer bee. Your headbutt misses the killer bee.
You barely miss the killer bee.
You feel sick. The killer bee stings you.
The killer bee closely misses you. x2; You block the killer bee's attack.
Unknown command.
You barely miss the killer bee. Your headbutt misses the killer bee.
You miss the killer bee.
You feel sick.
You are no longer poisoned.
The killer bee barely misses you. You block the killer bee's attack.
The killer bee stings you.
* * * LOW HITPOINT WARNING * * *
The killer bee closely misses you. You block the killer bee's attack.
The killer bee barely misses you.
You miss the killer bee. You hit the killer bee.
You kill the killer bee!
The killer bee stings you.
* * * LOW HITPOINT WARNING * * *
You are poisoned.
The killer bee poisons you! You block the killer bee's attack.
The killer bee barely misses you. You furiously retaliate!
You headbutt the killer bee! The killer bee stings you.
* * * LOW HITPOINT WARNING * * *
The killer bee stings you.
You die...

#..######.#.#.##.#.#
#...#...ll
#.........#.#.##.#.#
#...#.....
#######.....#.##.#.#
#...##8...
..........#.##.#.#
#....#####
#########...##.#.#
#........©
...........#.#.#
#.........
########...#.#.#
#.......<. #...#.#.#
#######...#@#.#
..........#yyo#
########...o.###
#.............o...
#.###.####.....##.
#..<.........o..
#.############.. ...
o ....


You could see 2 killer bees and 2 orcs.

Vanquished Creatures
  4 killer bees (D:5)
  3 hounds
  2 iguanas
  An orc wizard (D:4)
  A hell rat (Sewer)
  6 adders
  2 river rats (Sewer)
  An ufetubus (D:4)
  A worm (D:3)
  A dart slug (D:3)
  7 orcs
  6 endoplasms
  2 giant cockroaches
  3 goblins
  3 hobgoblins
  4 jackals
  6 quokkas
  13 ball pythons
  6 bats
  4 frilled lizards
  7 kobolds
  30 rats
113 creatures vanquished.

Vanquished Creatures (collateral kills)
  An orc priest (D:4)
  An orc (D:4)
2 creatures vanquished.

Vanquished Creatures (others)
  3 plants (D:3)
3 creatures vanquished.

Grand Total: 118 creatures vanquished

Notes
Turn   | Place    | Note
-------+----------+-------------------------------------------
     0 | D:1      | rsnlfwe the Minotaur Fighter began the quest for the Orb.
     0 | D:1      | Reached XP level 1. HP: 19/19 MP: 0/0
   239 | D:1      | Reached XP level 2. HP: 27/27 MP: 1/1
   613 | D:1      | Reached skill level 1 in Dodging
   649 | D:1      | You fall into a shaft and drop 1 floor!
   737 | D:2      | Reached XP level 3. HP: 24/33 MP: 2/2
   799 | D:2      | Got Sif Muna's Collected Works on Filthy Despicable Arts
  1275 | D:2      | Reached XP level 4. HP: 40/40 MP: 3/3
  1719 | D:3      | Found a glowing drain.
  1731 | Sewer    | Entered a sewer
  1846 | Sewer    | Reached XP level 5. HP: 34/47 MP: 4/4
  2681 | D:4      | Reached skill level 5 in Fighting
  2681 | D:4      | Reached XP level 6. HP: 51/56 MP: 5/5
  3271 | D:5      | Entered Level 5 of the Dungeon
  3300 | D:5      | Reached skill level 5 in Armour
  3300 | D:5      | Reached skill level 5 in Shields
  3376 | D:5      | Found a transporter.
  3383 | D:5      | Noticed crabbyslav's ghost (amateur OpWn)
  3386 | D:5      | Found a transporter.
  3426 | D:5      | Reached XP level 7. HP: 25/61 MP: 6/6
  3428 | D:5      | Slain by a killer bee

Illustrated notes

Levels and vault maps discovered:
D:1:      matt_arrival_spirals, layout_loops_ring
D:2:      layout_loops_ring, nrook_campfire, minmay_misc_feat_square,
          minmay_rat_hole
D:3:      layout_basic, cheibrodos_sewer_entry_sluice, minmay_misc_feat_rows,
          saegor_snake_ambush
D:4:      layout_basic
D:5:      layout_basic, minmay_temple_entry_junction_2, gammafunk_ghost_arena

Skill      XL: |  1  2  3  4  5  6 |
---------------+-------------------+-----
Dodging        | 1 2 3 |  3.3
Fighting       | 4 5 |  5.4
Armour         | 4 5 |  5.3
Shields        | 4 5 |  5.2
Axes           | 3 4 |  4.6

Action                   |  1- 3 |  4- 6 |  7- 9 || total
-------------------------+-------+-------+-------++-------
Melee: War axe           |    76 |   139 |     3 ||   218
       Headbutt          |    12 |    25 |       ||    37
  Use: Scroll            |     5 |    11 |       ||    16
       Potion            |       |     3 |       ||     3
Armor: Scale mail        |    32 |    76 |       ||   108
Dodge: Dodged            |    43 |    90 |     6 ||   139
Block: Buckler           |    22 |    31 |     4 ||    57

Table legend: (Time is in decaauts)
 A = Elapsed time spent in this place.
 B = Non-inter-level travel time spent in this place.
 C = Inter-level travel time spent in this place.
 D = Time resting spent in this place.
 E = Time spent auto-exploring this place.
 F = Levels seen in this place.
 G = Mean time per level.
                   A        B        C        D        E       F      G
               +--------+--------+--------+--------+--------+-----+--------+
         Total |   3544 |   3379 |    165 |     28 |   2610 |   6 |  590.7 |
       Dungeon |   3384 |   3219 |    165 |      0 |   2572 |   5 |  676.8 |
         Sewer |    160 |    160 |      0 |     28 |     38 |   1 |  160.0 |
               +--------+--------+--------+--------+--------+-----+--------+

Top non-repeatable levels by time:
     D:1: 873 daAuts
     D:2: 863 daAuts
     D:4: 813 daAuts
     D:3: 672 daAuts
     D:5: 161 daAuts
   Sewer: 160 daAuts
